 Dungeon Crawl Stone Soup version 0.20-a0-971-g5896763 (webtiles) character file.

830 Hybris the Covert (level 7, -4/29 HPs)
             Began as a Spriggan Assassin on Apr 8, 2017.
             Was an Initiate of Dithmenos.
             Slain by an ogre
             ... wielding a +0 giant spiked club
              (33 damage)
             ... on level 5 of the Dungeon.
             The game lasted 00:16:13 (6389 turns).

Hybris the Covert (Spriggan Assassin)               Turns: 6389, Time: 00:16:14

Health: -4/29      AC:  4    Str:  7    XL:     7   Next: 65%
Magic:  8/8        EV: 17    Int: 12    God:    Dithmenos [......]
Gold:   258        SH:  0    Dex: 20    Spells: 5/6 levels left

rFire    . . .     SeeInvis +   h - +2 dagger (venom)
rCold    . . .     Gourm    .   (shield restricted)
rNeg     . . .     Faith    .   c - +0 robe
rPois    .         Spirit   .   (helmet restricted)
rElec    .         Reflect  .   d - +1 cloak
rCorr    .         Harm     .   (gloves unavailable)
MR       +....                  (boots unavailable)
Stlth    +++++++...             r - amulet of rage
Regen    0.1/turn               u - ring of stealth
MPRegen  0.2/turn               C - ring of stealth

@: very quick
A: unfitting armour, reduced essence, see invisible, herbivore 3, speed 3, slow
metabolism 2
a: Renounce Religion, Evoke Berserk Rage


You were on level 5 of the Dungeon.
You worshipped Dithmenos.
Dithmenos was noncommittal.
You were very hungry.

You visited 2 branches of the dungeon, and saw 7 of its levels.

You collected 329 gold pieces.
You spent 71 gold pieces at shops.

Inventory:

Hand Weapons
 b - a +0 blowgun
 h - a +2 dagger of venom (weapon)
Missiles
 e - 16 poisoned needles
 f - 8 curare-tipped needles
 A - 155 stones (quivered)
 B - 42 sling bullets
Armour
 c - a +0 robe (worn)
 d - a +1 cloak (worn)
Jewellery
 r - an amulet of rage (around neck)
 u - a ring of stealth (left hand)
 w - an uncursed ring of protection from fire
 C - a ring of stealth (right hand)
 F - a +5 amulet of reflection {unknown}
Scrolls
 i - 4 scrolls of teleportation
 j - 2 scrolls of remove curse {unknown}
 m - 3 scrolls of fog {unknown}
 o - a scroll of blinking
 q - a scroll of identify
 s - 3 scrolls of enchant armour
 t - 2 scrolls of amnesia {unknown}
 y - a scroll of magic mapping {unknown}
 z - a scroll of immolation {unknown}
 G - a scroll of noise {unknown}
Potions
 a - a potion of agility {unknown}
 k - a potion of haste {unknown}
 l - a potion of magic {unknown}
 n - a potion of flight {unknown}
 v - 2 potions of curing {unknown}
 D - a potion of berserk rage {unknown}
 E - 2 potions of degeneration {unknown}
Books
 x - a book of Misfortune

   Spells                             Type                      Level
   a - Confusing Touch                Hexes                        1
   b - Confuse                        Hexes                        3
   c - Gell's Gravitas                Translocation                3
   d - Petrify                        Transmutation/Earth          4
   e - Metabolic Englaciation         Hexes/Ice                    5
   f - Yara's Violent Unravelling     Hexes/Transmutation          5
Comestibles
 g - 4 bread rations
 p - 6 fruits


   Skills:
 - Level 1.5 Fighting
 * Level 8.1 Short Blades
 - Level 2.0 Throwing
 - Level 1.5 Dodging
 + Level 9.6 Stealth


You had 5 spell levels left.
You knew the following spells:

 Your Spells              Type           Power        Failure   Level  Hunger
a - Confusing Touch       Hex            #.....       34%         1    ##.....


Dungeon Overview and Level Annotations

Branches:
Dungeon (6/15)             Temple (1/1) D:4

Altars:
Ashenzari
Cheibriados
Dithmenos
Elyvilon
Fedhas
Gozag
Hepliaklqana
Makhleb
Nemelex Xobeh
Okawaru
Qazlal
Ru
Sif Muna
Trog
Vehumet
Wu Jian
Xom
Zin
The Shining One

Shops:
D:4 *   D:5 :

Annotations:
D:4 Gorglomux's ghost, amateur DrBe
D:5 Hybris's ghost, novice OgFi


Innate Abilities, Weirdness & Mutations

You are very small and have problems with some larger weapons.
You are too small for most types of armour.
You have supernaturally acute eyesight. (SInv)
You are a herbivore.
You cover ground extremely quickly.
You need consume almost no food.
Your life essence is reduced. (-10% HP)


Message History

An ogre comes into view. It is wielding a giant club.
Found an escape hatch in the ceiling.
There is a stone staircase leading down here.
Wield which item (- for none, * to show all)? (? for menu, Esc to quit)
Your +2 dagger of venom begins to drip with poison!
h - a +2 dagger of venom (weapon)
The helpless ogre fails to defend itself.
You skewer the ogre like a kebab!!!!
You kill the ogre!
Dithmenos accepts your kill.
Found a flail.
Found a hat.
You see here a robe.
An ogre comes into view. It is wielding a giant spiked club.
The ogre shouts!
You hit the ogre.
The ogre is poisoned.
The ogre is lightly wounded.
The ogre hits you with a giant spiked club!!
Ouch! That really hurt!
You die...

........##....##...........R.....
.........#....###...............#
##.............####...>........##
####..........# ###.........##.
##.........## ####.....##.#
#..#.......## #######.#
##.##(.#....#### #.#
###..#####....## #.# ##..##
#@....## #.# ##..## #O.....####.#
##..## #...##>....#### ##..##
#...##...#....## ##..##
...##...#......## ##..##
..##...#........## ##..##
.###..#..........# #..##
####..#............ ..##
##..##............


You could see an ogre.

Vanquished Creatures
  2 water moccasins (D:4)
  A sky beast (D:5)
  A phantom (D:4)
  An ogre (D:5)
  A centaur (D:4)
  A centaur zombie (D:5)
  2 jellies
  A bullfrog skeleton (D:5)
  Crazy Yiuf (D:3)
  Jessica (D:3)
  2 worker ants
  Natasha (thrice) (D:4)
  A hound skeleton (D:4)
  Robin (D:4)
  3 gnolls (D:2)
  8 adders
  2 shadow imps (D:5)
  An ooze (D:3)
  2 adder skeletons
  A worm (D:3)
  A dart slug (D:1)
  2 leopard geckos
  7 orcs (D:3)
  2 ball pythons
  3 bats
  4 giant cockroaches
  14 goblins
  5 hobgoblins
  3 kobolds
  2 quokkas
  A ball python skeleton (D:3)
  3 frilled lizards
  2 jackal skeletons (D:4)
  4 rats
89 creatures vanquished.

Notes
Turn   | Place    | Note
-------+----------+-------------------------------------------
     0 | D:1      | Hybris the Spriggan Assassin began the quest for the Orb.
     0 | D:1      | Reached XP level 1. HP: 10/10 MP: 2/2
    78 | D:1      | Reached skill level 6 in Stealth
   184 | D:1      | Reached XP level 2. HP: 13/14 MP: 3/3
   613 | D:2      | Reached XP level 3. HP: 9/18 MP: 4/4
  1028 | D:3      | Noticed Jessica
  1032 | D:3      | Killed Jessica
  1032 | D:3      | Reached XP level 4. HP: 22/22 MP: 5/5
  1230 | D:3      | Reached skill level 7 in Stealth
  1488 | D:3      | Found a runed door.
  1956 | D:3      | Noticed Crazy Yiuf
  1960 | D:3      | Killed Crazy Yiuf
  1960 | D:3      | Reached skill level 5 in Short Blades
  1960 | D:3      | Reached XP level 5. HP: 25/25 MP: 6/6
  2396 | D:2      | Learned a level 1 spell: Confusing Touch
  2809 | D:4      | Noticed Gorglomux's ghost (amateur DrBe)
  3012 | D:4      | Noticed Natasha
  3027 | D:4      | Killed Natasha
  3122 | D:4      | Noticed Natasha
  3133 | D:4      | Killed Natasha
  3337 | D:4      | Noticed Robin
  3401 | D:4      | Noticed Natasha
  3428 | D:4      | Killed Natasha
  3428 | D:4      | Reached XP level 6. HP: 5/30 MP: 7/7
  3729 | D:4      | Found Qonli's Serpentskin Sales.
  3729 | D:4      | Noticed a water moccasin
  3729 | D:4      | Noticed a water moccasin
  3731 | D:4      | Killed a water moccasin
  3731 | D:4      | Reached skill level 8 in Stealth
  3733 | D:4      | Killed a water moccasin
  3742 | D:4      | Bought 6 curare-tipped needles for 43 gold pieces
  3742 | D:4      | Bought 4 curare-tipped needles for 28 gold pieces
  3927 | D:4      | Killed Robin
  3927 | D:4      | Reached XP level 7. HP: 26/33 MP: 8/8
  3949 | D:4      | Reached skill level 9 in Stealth
  4380 | D:4      | Found a staircase to the Ecumenical Temple.
  4424 | D:5      | Entered Level 5 of the Dungeon
  4467 | Temple   | Entered the Ecumenical Temple
  4727 | Temple   | Became a worshipper of Hepliaklqana the Forgotten
  5286 | D:5      | Found Uteekil's Book Boutique.
  5364 | D:5      | Found a shadowy altar of Dithmenos.
  5370 | D:5      | Fell from the grace of Hepliaklqana
  5370 | D:5      | Became a worshipper of Dithmenos the Shadowed
  5566 | D:5      | Noticed Hybris's ghost (novice OgFi)
  6389 | D:5      | Slain by an ogre

Vault maps used:
D:1:      lightli_arrival_farm
D:2:      serial_corexii_hall, corexii_hall_statues_s, corexii_hall_statues_t
D:3:      first_bread, hangedman_decor_points, uniq_jessica,
          uniq_crazy_yiuf_cottage
D:4:      temple_green, serial_glass, glass_columns_b, glass_columns_b,
          glass_columns_b, guppyfry_shop_venom, uniq_robin, uniq_natasha
D:5:      grunt_dithmenos_shadows, serial_shops, shop, serial_bayou_crossing
D:6:      lemuel_coloured_pillars_altar, grunt_gozag_breadcrumbs
Temple:   dpeg_five_rooms_temple

Skill      XL: |  1  2  3  4  5  6  7 |
---------------+----------------------+-----
Stealth        | 6 7 8 9 |  9.6
Short Blades   | 3 4 5 6 8 |  8.1
Fighting       | |  1.5
Throwing       | |  2.0
Dodging        | |  1.5

Action                   |  1- 3 |  4- 6 |  7- 9 || total
-------------------------+-------+-------+-------++-------
Melee: Dagger            |    46 |   119 |    53 ||   218
 Fire: Blowgun           |       |    28 |    21 ||    49
Invok: Recall Ancestor   |       |       |     1 ||     1
  Use: Scroll            |       |     4 |       ||     4
 Stab: Sleeping          |    10 |    13 |    10 ||    33
       Distracted        |       |     4 |     1 ||     5
  Eat: Fruit             |       |       |     1 ||     1
Armor: Robe              |     4 |     7 |     8 ||    19
Dodge: Dodged            |    27 |    58 |    30 ||   115
